 Dungeon Crawl Stone Soup version 0.32-a0-656-g3542139ebd (webtiles) character file.

Game seed: 4769787414435835919

10 kae the Slasher (level 2, -1/22 HPs)
             Began as a Coglin Gladiator on Mar 8, 2024.
             Slain by a gnoll
             ... wielding a +0 spear
              (3 damage)
             ... on level 1 of the Dungeon.
             The game lasted 00:00:40 (352 turns).

kae the Slasher (Coglin Gladiator)                   Turns: 352, Time: 00:00:41

Health: -1/22      AC:  4    Str: 14    XL:     2   Next: 20%
Magic:  2/2        EV: 12    Int:  7    God:
Gold:   27         SH:  0    Dex: 15    Spells: 1/1 levels left

rFire   . . .        a - +0 long sword {Hong}
rCold   . . .        f - +0 dagger {Xochitl}
rNeg    . . .        b - +0 leather armour
rPois   .            c - +0 helmet
rElec   .            (no cloak)
rCorr   .            (no gloves)
SInv    .            (no boots)
Will    .....        (amulet unavailable)
Stlth   +            (ring unavailable)
HPRegen 0.23/turn    (ring unavailable)
MPRegen 0.08/turn    (no gizmo)

%: no passive effects
@: revved
A: off-hand wielding, slow wielding, warmup strikes, no jewellery
a: Invent Gizmo


You were on level 1 of the Dungeon.
You visited 1 branch of the dungeon, and saw 1 of its levels.

You collected 27 gold pieces.


Innate Abilities, Weirdness & Mutations

You can wield a second weapon in your off-hand.
It takes a long time for you to wield or remove held weapons.
Your first few attacks do less damage.
You cannot equip rings or amulets.


   Skills:
 - Level 2.0 Fighting
 + Level 3.6 Long Blades
 - Level 1.7 Throwing
 - Level 2.6 Dodging


You had one spell level left.
You didn't know any spells.
Your spell library was empty.

Inventory:

Hand Weapons
 a - a +0 long sword (weapon) {Hong}
 f - a +0 dagger (offhand) {Xochitl}
Missiles
 d - 3 throwing nets (quivered) {=f!f}
 e - a javelin
 l - 4 stones
Armour
 b - a +0 leather armour (worn)
 c - a +0 helmet (worn)
Magical Staves
 o - a staff of cold {!a}
   (You found it on level 1 of the Dungeon)
Jewellery
 W - a ring of magical power
   (You found it on level 1 of the Dungeon)
Scrolls
 i - 3 scrolls of identify {unknown}
 n - a scroll of enchant armour {unknown}
Potions
 g - a potion of brilliance {unknown}
 h - 2 potions of curing {unknown}
 j - a potion of might {unknown}
 k - a potion of haste {unknown}
 m - a potion of magic {unknown}

Dungeon Overview and Level Annotations

Branches:
Dungeon (1/15) Zot: 5643

Altars:

#.#..#.# .. +.#....#
#####.. #....... ........
+....... ########.......
#.#.##.. .............
+......> #........ #.....
#...g..# ###... #....@.#
#.#. +......+ #.#.
#......############.#.
#..........)..........
##########.##############+
.#..........# ###.......
............######.........
............#......#.......
........†...#.####.........


You could see a gnoll.


Message History

No target in view!
k - a purple potion No target in view!
No target in view!
i - 2 scrolls labelled OJEBI YCAMIJ (gained 1)
i - 3 scrolls labelled OJEBI YCAMIJ (gained 1)
l - 4 stones A giant cockroach comes into view.
A giant cockroach is nearby!
The giant cockroach bites you. 😕 HP[-1]
You take 1 damage, and now have 21/22 hp.
A giant cockroach is nearby!
You hit the giant cockroach with your +0 long sword.
You hit the giant cockroach but do no damage.
The giant cockroach closely misses you.
You slash the giant cockroach with your +0 long sword!
You kill the giant cockroach! 😎 HP[+1]
Your hp is fully restored (22).
No target in view!
No target in view!
h - 2 yellow potions (gained 1)
m - a smoky brown potion No target in view!
No target in view!
You now have 27 gold pieces (gained 15).
You open the door.
There is an open door here.
n - a scroll labelled DIMICU NEAHA Key pressed, stopping explore.
No target in view!
No target in view!
There is an open door here.
Found a stone staircase leading down.
No target in view!
No target in view!
o - a staff of cold {!a} A kobold comes into view.
It is wielding a +0 club.
A kobold is nearby!
A kobold is nearby!
The kobold hits you but does no damage.
You closely miss the kobold with your +0 long sword.
You hit the kobold with your +0 dagger.
You kill the kobold!
You see here a +0 club.
A gnoll comes into view. It is wielding a +0 spear.
The gnoll hits you from afar with a +0 spear. 😕 HP[-4]
You take 4 damage, and now have 18/22 hp.
A gnoll is nearby!
The gnoll hits you with a +0 spear.
You are too injured to fight recklessly! 😮 HP[-4]
You take 4 damage, and now have 14/22 hp.
You are too injured to fight recklessly!
You are too injured to fight recklessly!
You are too injured to fight recklessly!
You are too injured to fight recklessly!
You closely miss the gnoll with your +0 dagger.
You barely miss the gnoll with your +0 long sword.
The gnoll hits you with a +0 spear. 😮 HP[-2]
You take 2 damage, and now have 12/22 hp.
Unknown command.
You hit the gnoll with your +0 dagger.
You barely miss the gnoll with your +0 long sword.
The gnoll hits you with a +0 spear.
* * * LOW HITPOINT WARNING * * *
😨 HP[-3]
You take 3 damage, and now have 9/22 hp.
You closely miss the gnoll with your +0 dagger.
You hit the gnoll but do no damage. The gnoll barely misses you. 😨 HP[+1]
You barely miss the gnoll with your +0 long sword.
You closely miss the gnoll with your +0 dagger.
The gnoll barely misses you.
You completely miss the gnoll with your +0 long sword.
You closely miss the gnoll with your +0 dagger.
The gnoll hits you with a +0 spear.
* * * LOW HITPOINT WARNING * * *
The gnoll hits you with a +0 spear.
* * * LOW HITPOINT WARNING * * *
😱 HP[-8]
You take 8 damage, and now have 2/22 hp.
MASSIVE DAMAGE!! (PAUSE)
You hit the gnoll but do no damage.
You slash the gnoll with your +0 long sword!
The gnoll hits you with a +0 spear.
* * * LOW HITPOINT WARNING * * *
😱 HP[-1]
You take 1 damage, and now have 1/22 hp.
You hit the gnoll with your +0 dagger.
You closely miss the gnoll with your +0 long sword.
The gnoll barely misses you.
Unknown command.
You closely miss the gnoll with your +0 dagger.
You barely miss the gnoll with your +0 long sword.
The gnoll hits you with a +0 spear.
You die...

Action                     || total
---------------------------++-------
  Melee: Long sword        ||    24
         Dagger            ||    23
 Armour: Leather armour    ||    16
  Dodge: Dodged            ||    12

Levels and vault maps discovered:
D:1:      kilobyte_arrival_exit_the_forest, layout_basic,
          ebering_ecumenical_altar_rust, chequers_jeans, minmay_hexomino_f4

Notes
Turn   | Place    | Note
-------+----------+-------------------------------------------
     0 | D:1      | kae the Coglin Gladiator began the quest for the Orb.
     0 | D:1      | Reached XP level 1. HP: 16/16 MP: 1/1
     0 | D:1      | magus.rc [v1.11.3]
   191 | D:1      | Reached XP level 2. HP: 22/22 MP: 2/2
   349 | D:1      | HP: 4/22 [gnoll/+0 spear (6)]
   350 | D:1      | HP: 1/22 [gnoll/+0 spear (1)]
   352 | D:1      | Slain by a gnoll

Vanquished Creatures
  A ball python (D:1)
  A bat (D:1)
  An endoplasm (D:1)
  2 giant cockroaches (D:1)
  2 kobolds (D:1)
  2 frilled lizards (D:1)
9 creatures vanquished.

Table legend:
 A = Non-vault XP
 B = Vault XP
 C = Vault XP percentage of total XP
 D = Non-vault monster count
 E = Vault monster count
 F = Vault count percentage of total count
                 A         B        C        D         E       F
            +---------+---------+-------+---------+---------+-------
      Total |      12 |       3 |  20.0 |       7 |       2 |  22.2
            +---------+---------+-------+---------+---------+-------
        D:1 |      12 |       3 |  20.0 |       7 |       2 |  22.2
            +---------+---------+-------+---------+---------+-------

Action                     || total
---------------------------++-------
  Melee: Long sword        ||    24
         Dagger            ||    23
 Armour: Leather armour    ||    16
  Dodge: Dodged            ||    12

Illustrated notes

Table legend:
 A = Kills in this place as a percentage of kills in the entire game.
 B = Kills by you in this place as a percentage of kills by you in the entire game.
 C = Kills by friends in this place as a percentage of kills by friends in the entire game.
 D = Other kills in this place as a percentage of other kills in the entire game.
 E = Experience gained in this place as a percentage of experience gained in the entire game.
 F = Experience gained in this place divided by the number of levels of this place that you have seen.
                   A       B       C       D       E      F
               +-------+-------+-------+-------+-------+----------------------
         Total | 100.0 | 100.0 |   N/A |   N/A | 100.0 |  15.0
       Dungeon | 100.0 | 100.0 |   N/A |   N/A | 100.0 |  15.0
               +-------+-------+-------+-------+-------+----------------------

Table legend: (Time is in decaauts)
 A = Elapsed time spent in this place.
 B = Non-inter-level travel time spent in this place.
 C = Inter-level travel time spent in this place.
 D = Time resting spent in this place.
 E = Time spent auto-exploring this place.
 F = Levels seen in this place.
 G = Mean time per level.
                   A        B        C        D        E       F      G
               +--------+--------+--------+--------+--------+-----+--------+
         Total |    355 |    355 |      0 |      0 |    288 |   1 |  355.0 |
       Dungeon |    355 |    355 |      0 |      0 |    288 |   1 |  355.0 |
               +--------+--------+--------+--------+--------+-----+--------+

Top non-repeatable levels by time:
     D:1: 355 daAuts
